 Dungeon Crawl Stone Soup version 0.17-a0-1842-gacc33f2 (webtiles) character file.

320 kae the Poker (level 6, -4/56 HPs)
             Began as a Naga Fighter on Sept 17, 2015.
             Killed by nerve-wracking pain
             ... invoked by Grinder
              (13 damage)
             ... on level 3 of the Dungeon.
             The game lasted 00:03:00 (2359 turns).

kae the Poker (Naga Fighter)                        Turns: 2359, Time: 00:03:01

Health: -4/56      AC:  6    Str: 18      XL:     6   Next: 46%
Magic:  6/6        EV: 10    Int:  6 (9)  God:
Gold:   133        SH: 10    Dex: 17      Spells: 0 memorised, 5 levels left

rFire  . . .     SeeInvis +     a - +1 trident
rCold  . . .     Clarity  .     b - +1 scale mail
rNeg   . . .     SustAt   .     c - +1 shield
rPois  +         Gourm    .     (no helmet)
rElec  .         Spirit   .     (no cloak)
rCorr  .         Warding  .     (no gloves)
rMut   .         Stasis   .     (no barding)
MR     .....                    (no amulet)
Stlth  +.........               (no ring)
                                (no ring)

@: agile, very slow, not resistant to hostile enchantments, very unstealthy
A: see invisible, deformed body, poison resistance, slowness 2, slow metabolism
1, spit poison 2, AC +2
a: Spit Poison


You were on level 3 of the Dungeon.
You were not hungry.

You visited 1 branch of the dungeon, and saw 3 of its levels.

You collected 133 gold pieces.

Inventory:

Hand weapons
 a - a +1 trident (weapon)
Armour
 b - a +1 scale mail (worn)
 c - a +1 shield (worn)
Scrolls
 f - a scroll of magic mapping
 g - a scroll of fear
 k - 2 scrolls of identify
Potions
 p - a potion of degeneration
Comestibles
 e - a bread ration
 m - a beef jerky
 n - a slice of pizza


   Skills:
 - Level 3.0 Fighting
 + Level 6.6 Polearms
 - Level 2.4 Armour
 - Level 2.4 Shields


You had 5 spell levels left.
You didn't know any spells.

Dungeon Overview and Level Annotations

Branches:
Dungeon (3/15)

Altars:
Kikubaaqudgha

Annotations:
D:3 Grinder


Innate Abilities, Weirdness & Mutations

You cannot wear boots.
Your serpentine skin is tough (AC +2).
You have supernaturally acute eyesight.
Armour fits poorly on your strangely shaped body.
Your system is resistant to poisons.
You cover ground very slowly.
You have a slow metabolism.
You can spit poison.


Message History

Pain shoots through your body!
* * * LOW HITPOINT WARNING * * *
You swing at nothing.
Your shield and scale mail prevent you from hitting Grinder.
Grinder is moderately wounded.
You block Grinder's attack.
You puncture Grinder!
Grinder is heavily wounded.
Grinder completely misses you.
You closely miss Grinder.
Grinder is heavily wounded.
Grinder hits you.
* * * LOW HITPOINT WARNING * * *
You writhe in agony.
* * * LOW HITPOINT WARNING * * *
You hit Grinder.
Grinder is heavily wounded.
Grinder gestures at you. Pain shoots through your body!
You die...

....# #(.......# ....#
#........# ..^.##
#........# #....#
#........#
###..###<##)#####
#...##÷##.# #......##.#
#####
#......##.####§P.###
####...##...P.@5...##
#####........§§.P....#
#...##...##.#.§§P#.PP..#
.....#..>...#...###....#
........#..#.P.........#
........#.%$.P.......P.#
.............##.?_..##P#
.....#..#..#P#.......#.#
........#†.#.#########


You could see Grinder.

Vanquished Creatures
  Sigmund (D:3)
  A hound (D:3)
  5 adders
  3 oozes
  2 worms
  A giant gecko (D:1)
  9 bats
  7 giant cockroaches
  11 goblins
  2 hobgoblins (D:2)
  4 jackals (D:1)
  A ball python (D:2)
  4 giant newts
  6 kobolds
  4 quokkas
  9 rats
70 creatures vanquished.

Notes
Turn   | Place    | Note
--------------------------------------------------------------
     0 | D:1      | kae the Naga Fighter began the quest for the Orb.
     0 | D:1      | Reached XP level 1. HP: 21/21 MP: 1/1
   108 | D:1      | Reached XP level 2. HP: 28/28 MP: 2/2
   516 | D:1      | Reached XP level 3. HP: 34/34 MP: 3/3
   957 | D:2      | Reached skill level 4 in Polearms
  1210 | D:2      | Reached XP level 4. HP: 42/42 MP: 4/4
  1960 | D:3      | Noticed Sigmund
  2058 | D:3      | Killed Sigmund
  2058 | D:3      | Reached skill level 6 in Polearms
  2058 | D:3      | Reached XP level 5. HP: 24/49 MP: 5/5
  2058 | D:3      | Reached XP level 6. HP: 27/56 MP: 6/6
  2314 | D:3      | Noticed Grinder
  2316 | D:3      | Found an ancient bone altar of Kikubaaqudgha.
  2359 | D:3      | Killed from afar by Grinder

Vault maps used:
D:1:      minmay_arrival_semitransparent, serial_bayou_pond_e
D:3:      kiku_gazebo_garden_becter, first_bread, grunt_ministairs_13,
          uniq_grinder, uniq_sigmund, uniq_terence, uniq_crazy_yiuf_cottage

Action                   |  1- 3 |  4- 6 || total
-------------------------+-------+-------++-------
Melee: Trident           |   148 |   139 ||   287
 Abil: Spit Poison       |       |     1 ||     1
  Use: Scroll            |       |     7 ||     7
       Potion            |       |     5 ||     5
  Eat: Chunk             |     1 |     2 ||     3
       Bread ration      |       |     1 ||     1
